Canadiens vs Penguins

Created - 13 avril 2021 at 20:19

Goals
1 2 3 T
Canadiens 0 0 2 2
Penguins 1 3 0 4
Shots
1 2 3 T
Canadiens 6 10 8 24
Penguins 4 23 12 39

1st period

1. Penguins , Justin Braun 1 (Alex DeBrincat 4, Filip Forsberg 4) at 19:37

Penalties :
Ivan Provorov (MTL) for Tripping (Minor) at 14:13

2nd period

2. Penguins , Patrik Laine 3 (Nathan MacKinnon 3) at 10:56
3. Penguins , Mark Giordano 2 (Filip Forsberg 5, Alex DeBrincat 5) at 14:47 (PP)
4. Penguins , Gabriel Landeskog 2 (Mark Giordano 4, Nathan MacKinnon 4) at 17:47

Penalties :
David Krejci (MTL) for Tripping (Minor) at 10:57, Josh Morrissey (MTL) for Hooking (Minor) at 14:33

3rd period

5. Canadiens , Tyler Ennis 1 (Cam Fowler 1, Ivan Provorov 5) at 2:01
6. Canadiens , Teuvo Teravainen 6 (Patrick Kane 7, Auston Matthews 5) at 14:44

Penalties :
Patrik Laine (PIT) for Roughing (Minor) at 14:49

Goalie Stats

Tuukka Rask (MTL), 35 saves from 39 shots - (0,897), L, 4-2-2, 60:00 minutes
Connor Hellebuyck (PIT), 22 saves from 24 shots - (0,917), W, 5-2-1, 60:00 minutes

Players Stats for Canadiens

Player Name              G  A  P  +/- PIM S  H  SB GA TA FO     MP     PP MP  PK MP  
------------------------------------------------------------------------------------
Artturi Lehkonen         0  0  0  -1  0   1  0  0  0  0  1/2     7:04   0:00   0:58 
Auston Matthews          0  1  1   1  0   4  1  0  0  0  17/32  22:52   1:19   1:08 
Cam Fowler               0  1  1   0  0   0  0  3  0  0  0/0    22:15   0:40   1:53 
Colin White              0  0  0  -1  0   0  0  0  0  0  5/11   10:37   0:00   0:00 
Danny DeKeyser           0  0  0   1  0   0  0  0  0  0  0/0    15:28   0:00   1:08 
David Krejci             0  0  0   0  2   1  0  0  0  0  9/21   17:44   0:40   0:24 
Ilya Kovalchuk           0  0  0   0  0   2  3  0  0  0  0/1    17:45   0:40   0:24 
Ivan Provorov            0  1  1   0  2   0  5  1  0  0  0/0    24:32   0:40   1:02 
Jakob Silfverberg        0  0  0   0  0   3  0  0  0  0  0/2    18:19   0:40   0:58 
Josh Morrissey           0  0  0  -2  2   0  1  2  0  0  0/0    22:47   1:19   2:23 
Loui Eriksson            0  0  0  -1  0   0  0  0  0  0  0/1     8:44   0:00   2:38 
Nate Schmidt             0  0  0  -2  0   1  1  0  0  0  0/0    19:55   1:19   1:58 
Nick Shore               0  0  0  -1  0   2  1  0  0  0  2/8     7:31   0:00   1:25 
Patrick Kane             0  1  1   1  0   5  1  1  0  0  1/2    21:44   1:19   0:00 
Teuvo Teravainen         1  0  1   1  0   1  1  0  0  0  0/0    22:13   1:19   0:29 
Travis Sanheim           0  0  0   1  0   1  1  1  0  0  0/0    15:01   0:00   0:00 
Tyler Ennis              1  0  1  -1  0   2  0  0  0  0  1/1    10:37   0:00   0:00 
Valeri Nichushkin        0  0  0  -1  0   1  2  0  0  0  0/1    10:37   0:00   0:00 

Players Stats for Penguins

Player Name              G  A  P  +/- PIM S  H  SB GA TA FO     MP     PP MP  PK MP  
------------------------------------------------------------------------------------
Adrian Kempe             0  0  0  -1  0   3  0  0  0  0  0/1    17:11   0:38   1:04 
Alex DeBrincat           0  2  2   1  0   3  0  0  0  0  0/1    18:30   1:55   0:47 
Brent Seabrook           0  0  0   0  0   0  0  1  0  0  0/0    16:46   0:00   0:00 
Cedric Paquette          0  0  0   0  0   1  0  0  0  0  2/5     8:04   0:00   0:41 
Clayton Keller           0  0  0  -1  0   3  0  0  0  0  1/1    14:29   0:00   0:00 
Filip Forsberg           0  2  2   0  0   5  2  0  0  0  1/2    20:53   1:17   0:00 
Filip Hronek             0  0  0   0  0   1  2  2  0  0  0/0    22:09   1:43   0:47 
Gabriel Landeskog        1  0  1   2  0   3  7  0  0  0  0/1    16:32   2:17   0:00 
Joe Thornton             0  0  0  -1  0   0  1  0  0  0  9/13   14:29   0:00   0:00 
Josh Anderson            0  0  0   0  0   1  2  0  0  0  0/1     6:28   0:00   0:00 
Justin Braun             1  0  1   0  0   2  1  0  0  0  0/0    19:40   2:16   0:47 
Marcus Pettersson        0  0  0   0  0   0  0  1  0  0  0/0    14:17   0:33   0:00 
Mark Giordano            1  1  2   1  0   2  1  2  0  0  0/0    23:34   1:56   1:12 
Nathan MacKinnon         0  2  2   1  0   9  2  0  0  0  17/38  24:21   2:17   1:26 
Patrik Laine             1  0  1   1  2   3  4  0  0  0  2/2    22:54   2:17   0:00 
Sean Monahan             0  0  0   1  0   2  0  0  0  0  14/17  14:09   1:55   0:00 
Shea Weber               0  0  0   1  0   1  1  0  0  0  0/0    23:34   1:56   1:12 
Victor Mete              0  0  0   0  0   0  0  0  0  0  0/0     0:00   0:00   0:00 

3 Stars

1 - Gabriel Landeskog (PIT)
2 - Mark Giordano (PIT)
3 - Nathan MacKinnon (PIT)

Power Play

Canadiens - 0 on 1 Attempt(s) - 0,00%
Penguins - 1 on 3 Attempt(s) - 33,33%

Penalty Kill

Canadiens - 2 on 3 Attempt(s) - 66,67% - Score 0 goal in Penalty Kill
Penguins - 1 on 1 Attempt(s) - 100,00% - Score 0 goal in Penalty Kill

Team Stat

Canadiens - Hits : 17 - Faceoff Wins : 36 - Blocked Shots : 8 - Penalty Minutes : 6
Penguins - Hits : 23 - Faceoff Wins : 46 - Blocked Shots : 6 - Penalty Minutes : 2

Official

Referees : TJ Luxmore and Dan Kelly
Linesman : Libor Suchanek and Kelsey Mahoney

Game Notes

Gabriel Landeskog is injured at 19:53 of 2nd period (Sprained Right Finger)

Finance

Level 1 -- Attendance: 6500 (100,00%) -- Ticket Income 760 500 $
Level 2 -- Attendance: 5000 (100,00%) -- Ticket Income 415 000 $
Level 3 -- Attendance: 3500 (100,00%) -- Ticket Income 217 000 $
Level 4 -- Attendance: 2387 (100,00%) -- Ticket Income 107 415 $
Luxury Box -- Attendance: 1000 (100,00%) -- Ticket Income 225 000 $
Game was played at the Consol Energy Center.
Total Attendance: 18387 (100,00%)
Total Ticket Income: 1 724 915 $
Other Income: 845 208 $
Total Income: 2 570 123 $

% Time on Ice - Canadiens

Lines # - Real PCT - Wanted PCT - Time Play
Normal Forward
1 - 38% - 40% - 20:25
2 - 31% - 30% - 16:41
3 - 20% - 20% - 10:37
4 - 11% - 10% - 6:06
Normal Defense
1 - 37% - 40% - 19:50
2 - 31% - 30% - 16:38
3 - 28% - 20% - 14:53
4 - 5% - 10% - 2:28
PP Forward
1 - 66% - 60% - 1:19
2 - 34% - 40% - 0:40
PP Defense
1 - 34% - 60% - 0:40
2 - 66% - 40% - 1:19
PK Forward
1 - 77% - 60% - 3:14
2 - 23% - 40% - 0:58
PK Defense
1 - 72% - 60% - 3:01
2 - 28% - 40% - 1:11
PK3 Forward
1 - 0% - 60%
2 - 0% - 40%
PK3 Defense
1 - 0% - 60%
2 - 0% - 40%
44 Forward
1 - 0% - 60%
2 - 0% - 40%
44 Defense
1 - 0% - 60%
2 - 0% - 40%
Last Minute Offensive  - 0:00
Last Minute Defensive  - 0:00
Total
Forward - 60:00
Defense - 60:00

% Time on Ice - Penguins

Lines # - Real PCT - Wanted PCT - Time Play
Normal Forward
1 - 38% - 40% - 20:38
2 - 23% - 30% - 12:14
3 - 27% - 20% - 14:29
4 - 12% - 10% - 6:28
Normal Defense
1 - 38% - 40% - 20:26
2 - 31% - 30% - 16:37
3 - 25% - 20% - 13:21
4 - 6% - 10% - 3:25
PP Forward
1 - 54% - 60% - 2:17
2 - 46% - 40% - 1:55
PP Defense
1 - 59% - 60% - 2:29
2 - 41% - 40% - 1:43
PK Forward
1 - 100% - 60% - 1:59
2 - 0% - 40% - 0:00
PK Defense
1 - 61% - 60% - 1:12
2 - 39% - 40% - 0:47
PK3 Forward
1 - 0% - 60%
2 - 0% - 40%
PK3 Defense
1 - 0% - 60%
2 - 0% - 40%
44 Forward
1 - 0% - 60%
2 - 0% - 40%
44 Defense
1 - 0% - 60%
2 - 0% - 40%
Last Minute Offensive  - 0:00
Last Minute Defensive  - 0:00
Total
Forward - 60:00
Defense - 60:00

Play-by-Play

1st period


0:01 of 1st period - Auston Matthews wins face-off versus Nathan MacKinnon in neutral zone.
0:01 of 1st period - Cam Fowler is hit by Gabriel Landeskog and loses puck.
0:20 of 1st period - Shot by Auston Matthews.
0:20 of 1st period - Stopped by Connor Hellebuyck without a rebound.
0:21 of 1st period - Sean Monahan wins face-off versus Ilya Kovalchuk in Penguins zone.
1:15 of 1st period - Shot by Adrian Kempe.
1:15 of 1st period - Stopped by Tuukka Rask without a rebound.
1:16 of 1st period - Nathan MacKinnon wins face-off versus Colin White in Canadiens zone.
2:23 of 1st period - Shot by Patrick Kane.
2:23 of 1st period - Shot Misses the Net.
2:39 of 1st period - Shot by Patrick Kane.
2:39 of 1st period - Shot Misses the Net.
2:41 of 1st period - Shot by Auston Matthews.
2:41 of 1st period - Stopped by Connor Hellebuyck with a rebound.
2:55 of 1st period - Shot by Auston Matthews.
2:55 of 1st period - Stopped by Connor Hellebuyck with a rebound.
3:33 of 1st period - Shot by Artturi Lehkonen.
3:33 of 1st period - Shot Misses the Net.
4:56 of 1st period - Off-side.
4:57 of 1st period - Auston Matthews wins face-off versus Nathan MacKinnon in neutral zone.
4:57 of 1st period - Nate Schmidt is hit by Gabriel Landeskog.
5:01 of 1st period - Shot by Patrick Kane.
5:01 of 1st period - Shot Misses the Net.
5:57 of 1st period - Patrick Kane is hit by Justin Braun and loses puck.
7:15 of 1st period - Shot by Nick Shore.
7:15 of 1st period - Shot Blocked by Brent Seabrook.
7:17 of 1st period - Shot by Loui Eriksson.
7:17 of 1st period - Shot Misses the Net.
7:19 of 1st period - Shot by Nick Shore.
7:19 of 1st period - Shot Misses the Net.
7:42 of 1st period - Icing by Brent Seabrook.
7:43 of 1st period - Colin White wins face-off versus Gabriel Landeskog in Penguins zone.
8:10 of 1st period - Shot by Valeri Nichushkin.
8:10 of 1st period - Deflect By Tyler Ennis.
8:10 of 1st period - Shot Misses the Net.
8:15 of 1st period - Icing by Filip Hronek.
8:16 of 1st period - Auston Matthews wins face-off versus Sean Monahan in Penguins zone.
8:16 of 1st period - Auston Matthews is hit by Filip Hronek.
8:42 of 1st period - Shot by Auston Matthews.
8:42 of 1st period - Shot Misses the Net.
8:44 of 1st period - Shot by Danny DeKeyser.
8:44 of 1st period - Shot Blocked by Filip Hronek.
9:05 of 1st period - Icing by Justin Braun.
9:06 of 1st period - Sean Monahan wins face-off versus David Krejci in Penguins zone.
9:06 of 1st period - Filip Forsberg is hit by Ilya Kovalchuk and loses puck.
9:23 of 1st period - Shot by Ilya Kovalchuk.
9:23 of 1st period - Shot Misses the Net.
9:56 of 1st period - Filip Hronek is hit by Nate Schmidt and loses puck.
10:00 of 1st period - Icing by Nate Schmidt.
10:01 of 1st period - Colin White wins face-off versus Nathan MacKinnon in Canadiens zone.
10:01 of 1st period - Colin White is hit by Gabriel Landeskog.
10:09 of 1st period - Nate Schmidt is hit by Shea Weber and loses puck.
10:20 of 1st period - Shot by Tyler Ennis.
10:20 of 1st period - Shot Misses the Net.
10:22 of 1st period - Shot by Nate Schmidt.
10:22 of 1st period - Stopped by Connor Hellebuyck without a rebound.
10:23 of 1st period - Joe Thornton wins face-off versus Auston Matthews in Penguins zone.
11:31 of 1st period - Shot by Gabriel Landeskog.
11:31 of 1st period - Shot Misses the Net.
11:33 of 1st period - Shot by Shea Weber.
11:33 of 1st period - Shot Misses the Net.
11:35 of 1st period - Shot by Shea Weber.
11:35 of 1st period - Shot Misses the Net.
11:37 of 1st period - Shot by Shea Weber.
11:37 of 1st period - Shot Blocked by Travis Sanheim.
11:39 of 1st period - Shot by Mark Giordano.
11:39 of 1st period - Shot Misses the Net.
11:43 of 1st period - Shot by Gabriel Landeskog.
11:43 of 1st period - Shot Misses the Net.
12:28 of 1st period - Filip Forsberg is hit by Ivan Provorov and loses puck.
14:13 of 1st period - Minor Penalty to Ivan Provorov for Tripping.
14:14 of 1st period - David Krejci wins face-off versus Nathan MacKinnon in Canadiens zone.
15:19 of 1st period - Shot by Justin Braun.
15:19 of 1st period - Shot Misses the Net.
16:20 of 1st period - Icing by Brent Seabrook.
16:21 of 1st period - Joe Thornton wins face-off versus Colin White in Penguins zone.
17:07 of 1st period - Shot by Jakob Silfverberg.
17:07 of 1st period - Stopped by Connor Hellebuyck with a rebound.
17:15 of 1st period - Shot by Ilya Kovalchuk.
17:15 of 1st period - Stopped by Connor Hellebuyck with a rebound.
17:28 of 1st period - Marcus Pettersson is hit by Ilya Kovalchuk and loses puck.
17:32 of 1st period - Icing by Brent Seabrook.
17:33 of 1st period - Auston Matthews wins face-off versus Joe Thornton in Penguins zone.
17:51 of 1st period - Icing by Nate Schmidt.
17:52 of 1st period - Patrick Kane wins face-off versus Nathan MacKinnon in Canadiens zone.
18:09 of 1st period - Shot by Gabriel Landeskog.
18:09 of 1st period - Stopped by Tuukka Rask without a rebound.
18:10 of 1st period - Sean Monahan wins face-off versus David Krejci in Canadiens zone.
18:17 of 1st period - Shot by Filip Forsberg.
18:17 of 1st period - Stopped by Tuukka Rask with a rebound.
18:28 of 1st period - Icing by Danny DeKeyser.
18:29 of 1st period - Nathan MacKinnon wins face-off versus David Krejci in Canadiens zone.
18:51 of 1st period - Shot by David Krejci.
18:51 of 1st period - Deflect By Jakob Silfverberg.
18:51 of 1st period - Shot Misses the Net.
19:35 of 1st period - Shot by Alex DeBrincat.
19:35 of 1st period - Shot Misses the Net.
19:37 of 1st period - Shot by Justin Braun.
19:37 of 1st period - Goal by Justin Braun - Canadiens : 0 - Penguins : 1.
19:38 of 1st period - Auston Matthews wins face-off versus Alex DeBrincat in neutral zone.
19:57 of 1st period - Shot by Auston Matthews.
19:57 of 1st period - Deflect By Patrick Kane.
19:57 of 1st period - Shot Misses the Net.
Goals for this period are 0 for Canadiens vs 1 for Penguins.
Shots for this period are 6 for Canadiens vs 4 for Penguins.

2nd period


0:01 of 2nd period - Auston Matthews wins face-off versus Nathan MacKinnon in neutral zone.
0:01 of 2nd period - Auston Matthews is hit by Gabriel Landeskog.
0:32 of 2nd period - Shot by Nathan MacKinnon.
0:32 of 2nd period - Stopped by Tuukka Rask without a rebound.
0:33 of 2nd period - Sean Monahan wins face-off versus Jakob Silfverberg in Canadiens zone.
0:48 of 2nd period - Shot by Sean Monahan.
0:48 of 2nd period - Shot Blocked by Josh Morrissey.
1:04 of 2nd period - Shot by Sean Monahan.
1:04 of 2nd period - Stopped by Tuukka Rask with a rebound.
1:06 of 2nd period - Shot by Alex DeBrincat.
1:06 of 2nd period - Stopped by Tuukka Rask without a rebound.
1:07 of 2nd period - Auston Matthews wins face-off versus Nathan MacKinnon in Canadiens zone.
1:48 of 2nd period - Shot by Patrick Kane.
1:48 of 2nd period - Stopped by Connor Hellebuyck with a rebound.
2:26 of 2nd period - Shot by Danny DeKeyser.
2:26 of 2nd period - Shot Blocked by Mark Giordano.
3:01 of 2nd period - Shot by Filip Forsberg.
3:01 of 2nd period - Shot Misses the Net.
3:52 of 2nd period - Shot by Nick Shore.
3:52 of 2nd period - Stopped by Connor Hellebuyck without a rebound.
3:53 of 2nd period - Joe Thornton wins face-off versus Auston Matthews in Penguins zone.
4:28 of 2nd period - Shot by Joe Thornton.
4:28 of 2nd period - Deflect By Clayton Keller.
4:28 of 2nd period - Stopped by Tuukka Rask with a rebound.
5:06 of 2nd period - Shot by Cedric Paquette.
5:06 of 2nd period - Stopped by Tuukka Rask without a rebound.
5:07 of 2nd period - David Krejci wins face-off versus Nathan MacKinnon in Canadiens zone.
5:07 of 2nd period - David Krejci is hit by Nathan MacKinnon.
5:13 of 2nd period - Shot by Alex DeBrincat.
5:13 of 2nd period - Stopped by Tuukka Rask without a rebound.
5:14 of 2nd period - Nathan MacKinnon wins face-off versus David Krejci in Canadiens zone.
5:33 of 2nd period - Shot by Patrik Laine.
5:33 of 2nd period - Stopped by Tuukka Rask without a rebound.
5:34 of 2nd period - Colin White wins face-off versus Josh Anderson in Canadiens zone.
5:34 of 2nd period - Colin White is hit by Josh Anderson.
5:37 of 2nd period - Tyler Ennis is hit by Josh Anderson and loses puck.
5:58 of 2nd period - Shot by Josh Anderson.
5:58 of 2nd period - Stopped by Tuukka Rask without a rebound.
5:59 of 2nd period - Joe Thornton wins face-off versus David Krejci in Canadiens zone.
6:01 of 2nd period - Clayton Keller is hit by Josh Morrissey.
6:13 of 2nd period - Adrian Kempe is hit by Ilya Kovalchuk and loses puck.
6:23 of 2nd period - Icing by Shea Weber.
6:24 of 2nd period - Auston Matthews wins face-off versus Joe Thornton in Penguins zone.
6:30 of 2nd period - Adrian Kempe is hit by Ivan Provorov and loses puck.
6:50 of 2nd period - Adrian Kempe is hit by Ivan Provorov and loses puck.
7:07 of 2nd period - Shot by Gabriel Landeskog.
7:07 of 2nd period - Shot Misses the Net.
7:09 of 2nd period - Shot by Filip Hronek.
7:09 of 2nd period - Shot Blocked by Patrick Kane.
7:11 of 2nd period - Shot by Nathan MacKinnon.
7:11 of 2nd period - Stopped by Tuukka Rask without a rebound.
7:12 of 2nd period - David Krejci wins face-off versus Filip Forsberg in Canadiens zone.
7:19 of 2nd period - Shot by David Krejci.
7:19 of 2nd period - Shot Misses the Net.
8:12 of 2nd period - Shot by Nathan MacKinnon.
8:12 of 2nd period - Shot Misses the Net.
8:24 of 2nd period - Off-side.
8:25 of 2nd period - Auston Matthews wins face-off versus Joe Thornton in neutral zone.
8:44 of 2nd period - Shot by Patrick Kane.
8:44 of 2nd period - Stopped by Connor Hellebuyck without a rebound.
8:45 of 2nd period - Artturi Lehkonen wins face-off versus Nathan MacKinnon in Penguins zone.
8:58 of 2nd period - Shot by Gabriel Landeskog.
8:58 of 2nd period - Shot Misses the Net.
9:20 of 2nd period - Shot by Nick Shore.
9:20 of 2nd period - Stopped by Connor Hellebuyck without a rebound.
9:21 of 2nd period - Sean Monahan wins face-off versus Auston Matthews in Penguins zone.
9:32 of 2nd period - Shot by Teuvo Teravainen.
9:32 of 2nd period - Shot Misses the Net.
9:36 of 2nd period - Shot by Patrick Kane.
9:36 of 2nd period - Deflect By Auston Matthews.
9:36 of 2nd period - Shot Misses the Net.
9:38 of 2nd period - Shot by Cam Fowler.
9:38 of 2nd period - Shot Blocked by Mark Giordano.
10:54 of 2nd period - Icing by Nate Schmidt.
10:55 of 2nd period - Nathan MacKinnon wins face-off versus Colin White in Canadiens zone.
10:56 of 2nd period - Shot by Patrik Laine.
10:56 of 2nd period - Goal by Patrik Laine - Canadiens : 0 - Penguins : 2.
10:57 of 2nd period - Nathan MacKinnon wins face-off versus David Krejci in neutral zone.
10:57 of 2nd period - Minor Penalty to David Krejci for Tripping.
10:58 of 2nd period - Nathan MacKinnon wins face-off versus Nick Shore in Canadiens zone.
11:31 of 2nd period - Icing by Nathan MacKinnon.
11:32 of 2nd period - Nick Shore wins face-off versus Nathan MacKinnon in Penguins zone.
12:02 of 2nd period - Icing by Filip Hronek.
12:03 of 2nd period - Sean Monahan wins face-off versus Jakob Silfverberg in Penguins zone.
12:30 of 2nd period - Ivan Provorov is hit by Filip Forsberg and loses puck.
13:05 of 2nd period - Clayton Keller is hit by Travis Sanheim and loses puck.
13:09 of 2nd period - Icing by Travis Sanheim.
13:10 of 2nd period - Tyler Ennis wins face-off versus Nathan MacKinnon in Canadiens zone.
13:16 of 2nd period - Icing by Colin White.
13:17 of 2nd period - Colin White wins face-off versus Nathan MacKinnon in Canadiens zone.
13:17 of 2nd period - Colin White is hit by Gabriel Landeskog.
13:24 of 2nd period - Valeri Nichushkin is hit by Gabriel Landeskog.
13:26 of 2nd period - Shot by Travis Sanheim.
13:26 of 2nd period - Stopped by Connor Hellebuyck without a rebound.
13:27 of 2nd period - Auston Matthews wins face-off versus Nathan MacKinnon in Penguins zone.
13:27 of 2nd period - Auston Matthews is hit by Mark Giordano.
13:33 of 2nd period - Shot by Patrick Kane.
13:33 of 2nd period - Stopped by Connor Hellebuyck without a rebound.
13:34 of 2nd period - Nathan MacKinnon wins face-off versus Auston Matthews in Penguins zone.
13:53 of 2nd period - Shot by Nathan MacKinnon.
13:53 of 2nd period - Stopped by Tuukka Rask without a rebound.
13:54 of 2nd period - Sean Monahan wins face-off versus David Krejci in Canadiens zone.
14:00 of 2nd period - Off-side.
14:01 of 2nd period - Nathan MacKinnon wins face-off versus Auston Matthews in neutral zone.
14:16 of 2nd period - Icing by Gabriel Landeskog.
14:17 of 2nd period - David Krejci wins face-off versus Nathan MacKinnon in Penguins zone.
14:18 of 2nd period - Shot by Jakob Silfverberg.
14:18 of 2nd period - Shot Misses the Net.
14:33 of 2nd period - Minor Penalty to Josh Morrissey for Hooking.
14:34 of 2nd period - Sean Monahan wins face-off versus Nick Shore in Canadiens zone.
14:39 of 2nd period - Shot by Filip Forsberg.
14:39 of 2nd period - Stopped by Tuukka Rask without a rebound.
14:40 of 2nd period - Filip Forsberg wins face-off versus Nick Shore in Canadiens zone.
14:45 of 2nd period - Shot by Alex DeBrincat.
14:45 of 2nd period - Deflect By Filip Forsberg.
14:45 of 2nd period - Shot Misses the Net.
14:47 of 2nd period - Shot by Mark Giordano.
14:47 of 2nd period - Goal by Mark Giordano - Canadiens : 0 - Penguins : 3.
14:48 of 2nd period - Auston Matthews wins face-off versus Nathan MacKinnon in neutral zone.
15:13 of 2nd period - Ivan Provorov is hit by Patrik Laine and loses puck.
15:18 of 2nd period - Shot by Nathan MacKinnon.
15:18 of 2nd period - Stopped by Tuukka Rask without a rebound.
15:19 of 2nd period - David Krejci wins face-off versus Sean Monahan in Canadiens zone.
15:48 of 2nd period - Shot by Sean Monahan.
15:48 of 2nd period - Stopped by Tuukka Rask with a rebound.
15:50 of 2nd period - Shot by Filip Hronek.
15:50 of 2nd period - Stopped by Tuukka Rask without a rebound.
15:51 of 2nd period - Auston Matthews wins face-off versus Nathan MacKinnon in Canadiens zone.
16:13 of 2nd period - Shot by Shea Weber.
16:13 of 2nd period - Shot Blocked by Cam Fowler.
16:15 of 2nd period - Shot by Shea Weber.
16:15 of 2nd period - Stopped by Tuukka Rask with a rebound.
16:17 of 2nd period - Shot by Nathan MacKinnon.
16:17 of 2nd period - Stopped by Tuukka Rask with a rebound.
16:19 of 2nd period - Shot by Gabriel Landeskog.
16:19 of 2nd period - Shot Blocked by Cam Fowler.
16:21 of 2nd period - Shot by Mark Giordano.
16:21 of 2nd period - Shot Blocked by Ivan Provorov.
16:23 of 2nd period - Shot by Gabriel Landeskog.
16:23 of 2nd period - Shot Misses the Net.
16:33 of 2nd period - Shot by Nathan MacKinnon.
16:33 of 2nd period - Shot Misses the Net.
17:18 of 2nd period - Shot by Jakob Silfverberg.
17:18 of 2nd period - Stopped by Connor Hellebuyck without a rebound.
17:19 of 2nd period - Colin White wins face-off versus Sean Monahan in Penguins zone.
17:22 of 2nd period - Shot by Valeri Nichushkin.
17:22 of 2nd period - Stopped by Connor Hellebuyck with a rebound.
17:24 of 2nd period - Shot by Tyler Ennis.
17:24 of 2nd period - Stopped by Connor Hellebuyck with a rebound.
17:34 of 2nd period - Shot by Justin Braun.
17:34 of 2nd period - Stopped by Tuukka Rask without a rebound.
17:35 of 2nd period - Nick Shore wins face-off versus Cedric Paquette in Canadiens zone.
17:39 of 2nd period - Icing by Loui Eriksson.
17:40 of 2nd period - Nathan MacKinnon wins face-off versus Artturi Lehkonen in Canadiens zone.
17:47 of 2nd period - Shot by Gabriel Landeskog.
17:47 of 2nd period - Goal by Gabriel Landeskog - Canadiens : 0 - Penguins : 4.
17:48 of 2nd period - Nathan MacKinnon wins face-off versus Auston Matthews in neutral zone.
17:53 of 2nd period - Shot by Gabriel Landeskog.
17:53 of 2nd period - Stopped by Tuukka Rask with a rebound.
17:55 of 2nd period - Shot by Gabriel Landeskog.
17:55 of 2nd period - Shot Blocked by Josh Morrissey.
17:57 of 2nd period - Shot by Nathan MacKinnon.
17:57 of 2nd period - Stopped by Tuukka Rask without a rebound.
17:58 of 2nd period - Sean Monahan wins face-off versus David Krejci in Canadiens zone.
17:58 of 2nd period - Sean Monahan is hit by Ivan Provorov.
18:22 of 2nd period - Shot by Sean Monahan.
18:22 of 2nd period - Shot Blocked by Cam Fowler.
19:02 of 2nd period - Shot by Patrick Kane.
19:02 of 2nd period - Stopped by Connor Hellebuyck without a rebound.
19:03 of 2nd period - Clayton Keller wins face-off versus Valeri Nichushkin in Penguins zone.
19:12 of 2nd period - Shot by Clayton Keller.
19:12 of 2nd period - Stopped by Tuukka Rask without a rebound.
19:13 of 2nd period - Auston Matthews wins face-off versus Nathan MacKinnon in Canadiens zone.
19:13 of 2nd period - Auston Matthews is hit by Patrik Laine.
19:36 of 2nd period - Teuvo Teravainen is hit by Gabriel Landeskog.
19:39 of 2nd period - Icing by Mark Giordano.
19:40 of 2nd period - Nathan MacKinnon wins face-off versus Colin White in Penguins zone.
19:42 of 2nd period - Mark Giordano is hit by Valeri Nichushkin and loses puck.
19:52 of 2nd period - Gabriel Landeskog is hit by Ivan Provorov.
19:53 of 2nd period - Gabriel Landeskog from Penguins is injured at 19:53 of 2nd period (Sprained Right Finger).
19:54 of 2nd period - Sean Monahan wins face-off versus David Krejci in Canadiens zone.
19:55 of 2nd period - Shot by Filip Forsberg.
19:55 of 2nd period - Shot Misses the Net.
Goals for this period are 0 for Canadiens vs 3 for Penguins.
Shots for this period are 10 for Canadiens vs 23 for Penguins.

3rd period


0:01 of 3rd period - Patrik Laine wins face-off versus Auston Matthews in neutral zone.
0:21 of 3rd period - Shot by Filip Forsberg.
0:21 of 3rd period - Stopped by Tuukka Rask without a rebound.
0:22 of 3rd period - Joe Thornton wins face-off versus David Krejci in Canadiens zone.
0:25 of 3rd period - Shot by Clayton Keller.
0:25 of 3rd period - Stopped by Tuukka Rask without a rebound.
0:26 of 3rd period - David Krejci wins face-off versus Joe Thornton in Canadiens zone.
0:48 of 3rd period - Shot by Adrian Kempe.
0:48 of 3rd period - Stopped by Tuukka Rask without a rebound.
0:49 of 3rd period - Nathan MacKinnon wins face-off versus Auston Matthews in Canadiens zone.
0:58 of 3rd period - Shot by Filip Forsberg.
0:58 of 3rd period - Shot Misses the Net.
2:01 of 3rd period - Shot by Tyler Ennis.
2:01 of 3rd period - Goal by Tyler Ennis - Canadiens : 1 - Penguins : 4.
2:02 of 3rd period - Joe Thornton wins face-off versus David Krejci in neutral zone.
2:46 of 3rd period - Icing by Mark Giordano.
2:47 of 3rd period - Joe Thornton wins face-off versus Auston Matthews in Penguins zone.
2:53 of 3rd period - Icing by Cam Fowler.
2:54 of 3rd period - Sean Monahan wins face-off versus Auston Matthews in Canadiens zone.
2:57 of 3rd period - Shot by Alex DeBrincat.
2:57 of 3rd period - Stopped by Tuukka Rask without a rebound.
2:58 of 3rd period - Nathan MacKinnon wins face-off versus Auston Matthews in Canadiens zone.
2:59 of 3rd period - Shot by Filip Forsberg.
2:59 of 3rd period - Shot Misses the Net.
4:09 of 3rd period - Shot by Clayton Keller.
4:09 of 3rd period - Shot Misses the Net.
4:29 of 3rd period - Justin Braun is hit by Valeri Nichushkin and loses puck.
4:48 of 3rd period - Shot by David Krejci.
4:48 of 3rd period - Shot Misses the Net.
5:28 of 3rd period - Shot by Filip Forsberg.
5:28 of 3rd period - Stopped by Tuukka Rask without a rebound.
5:29 of 3rd period - Nathan MacKinnon wins face-off versus Nick Shore in Canadiens zone.
5:37 of 3rd period - Icing by Josh Morrissey.
5:38 of 3rd period - Sean Monahan wins face-off versus Nick Shore in Canadiens zone.
5:49 of 3rd period - Shot by Mark Giordano.
5:49 of 3rd period - Stopped by Tuukka Rask without a rebound.
5:50 of 3rd period - Auston Matthews wins face-off versus Nathan MacKinnon in Canadiens zone.
5:50 of 3rd period - Patrick Kane is hit by Filip Forsberg and loses puck.
6:11 of 3rd period - Shot by Nathan MacKinnon.
6:11 of 3rd period - Stopped by Tuukka Rask with a rebound.
6:19 of 3rd period - Brent Seabrook is hit by Patrick Kane and loses puck.
7:07 of 3rd period - Shot by Jakob Silfverberg.
7:07 of 3rd period - Stopped by Connor Hellebuyck with a rebound.
7:14 of 3rd period - Icing by Shea Weber.
7:15 of 3rd period - Sean Monahan wins face-off versus Colin White in Penguins zone.
7:54 of 3rd period - Shot by Nathan MacKinnon.
7:54 of 3rd period - Stopped by Tuukka Rask without a rebound.
7:55 of 3rd period - Joe Thornton wins face-off versus David Krejci in Canadiens zone.
7:56 of 3rd period - Shot by Adrian Kempe.
7:56 of 3rd period - Shot Misses the Net.
8:02 of 3rd period - Shot by Adrian Kempe.
8:02 of 3rd period - Stopped by Tuukka Rask without a rebound.
8:03 of 3rd period - Cedric Paquette wins face-off versus Auston Matthews in Canadiens zone.
8:19 of 3rd period - Icing by Brent Seabrook.
8:20 of 3rd period - David Krejci wins face-off versus Cedric Paquette in Penguins zone.
8:49 of 3rd period - Shot by Jakob Silfverberg.
8:49 of 3rd period - Shot Blocked by Filip Hronek.
8:51 of 3rd period - Shot by Ivan Provorov.
8:51 of 3rd period - Shot Misses the Net.
8:53 of 3rd period - Shot by Ivan Provorov.
8:53 of 3rd period - Deflect By Ilya Kovalchuk.
8:53 of 3rd period - Stopped by Connor Hellebuyck without a rebound.
8:54 of 3rd period - Auston Matthews wins face-off versus Nathan MacKinnon in Penguins zone.
9:12 of 3rd period - Shot by Patrick Kane.
9:12 of 3rd period - Stopped by Connor Hellebuyck without a rebound.
9:13 of 3rd period - Joe Thornton wins face-off versus Nick Shore in Penguins zone.
9:28 of 3rd period - Shot by Adrian Kempe.
9:28 of 3rd period - Deflect By Clayton Keller.
9:28 of 3rd period - Shot Misses the Net.
10:05 of 3rd period - Icing by Mark Giordano.
10:06 of 3rd period - Sean Monahan wins face-off versus Auston Matthews in Penguins zone.
10:37 of 3rd period - Shot by Filip Forsberg.
10:37 of 3rd period - Stopped by Tuukka Rask without a rebound.
10:38 of 3rd period - Patrik Laine wins face-off versus Colin White in Canadiens zone.
11:03 of 3rd period - Shot by Colin White.
11:03 of 3rd period - Shot Blocked by Marcus Pettersson.
11:11 of 3rd period - Shot by Valeri Nichushkin.
11:11 of 3rd period - Shot Misses the Net.
12:50 of 3rd period - Teuvo Teravainen is hit by Joe Thornton.
13:13 of 3rd period - Adrian Kempe is hit by Nick Shore.
13:44 of 3rd period - Shot by Artturi Lehkonen.
13:44 of 3rd period - Stopped by Connor Hellebuyck without a rebound.
13:45 of 3rd period - David Krejci wins face-off versus Cedric Paquette in Penguins zone.
13:48 of 3rd period - Shot by Ilya Kovalchuk.
13:48 of 3rd period - Shot Misses the Net.
14:38 of 3rd period - Off-side.
14:39 of 3rd period - Auston Matthews wins face-off versus Adrian Kempe in neutral zone.
14:44 of 3rd period - Shot by Teuvo Teravainen.
14:44 of 3rd period - Goal by Teuvo Teravainen - Canadiens : 2 - Penguins : 4.
14:45 of 3rd period - Nathan MacKinnon wins face-off versus Auston Matthews in neutral zone.
14:48 of 3rd period - Teuvo Teravainen is hit by Patrik Laine.
14:49 of 3rd period - Minor Penalty to Patrik Laine for Roughing.
14:50 of 3rd period - Nathan MacKinnon wins face-off versus Auston Matthews in Penguins zone.
14:59 of 3rd period - Nathan MacKinnon is hit by Teuvo Teravainen and loses puck.
15:04 of 3rd period - Shot by Patrick Kane.
15:04 of 3rd period - Deflect By Auston Matthews.
15:04 of 3rd period - Stopped by Connor Hellebuyck without a rebound.
15:05 of 3rd period - David Krejci wins face-off versus Nathan MacKinnon in Penguins zone.
15:06 of 3rd period - Shot by Jakob Silfverberg.
15:06 of 3rd period - Shot Misses the Net.
15:22 of 3rd period - Shot by Ivan Provorov.
15:22 of 3rd period - Shot Misses the Net.
15:32 of 3rd period - Shot by Cam Fowler.
15:32 of 3rd period - Shot Misses the Net.
15:44 of 3rd period - Shot by David Krejci.
15:44 of 3rd period - Stopped by Connor Hellebuyck without a rebound.
15:45 of 3rd period - Nathan MacKinnon wins face-off versus Patrick Kane in Penguins zone.
16:38 of 3rd period - Patrick Kane is hit by Nathan MacKinnon.
16:46 of 3rd period - Justin Braun is hit by Auston Matthews and loses puck.
17:58 of 3rd period - Jakob Silfverberg is hit by Filip Hronek.
18:00 of 3rd period - Shot by David Krejci.
18:00 of 3rd period - Shot Misses the Net.
18:31 of 3rd period - Icing by Filip Hronek.
18:32 of 3rd period - Cedric Paquette wins face-off versus Loui Eriksson in Penguins zone.
18:59 of 3rd period - Ivan Provorov is hit by Patrik Laine and loses puck.
19:07 of 3rd period - Shot by Patrik Laine.
19:07 of 3rd period - Stopped by Tuukka Rask without a rebound.
19:08 of 3rd period - Auston Matthews wins face-off versus Nathan MacKinnon in Canadiens zone.
19:45 of 3rd period - Shot by Nathan MacKinnon.
19:45 of 3rd period - Stopped by Tuukka Rask with a rebound.
Goals for this period are 2 for Canadiens vs 0 for Penguins.
Shots for this period are 8 for Canadiens vs 12 for Penguins.